[Event "ICCopen2017"]
[Site "Internet Chess Club"]
[Date "2017.03.19"]
[Round "10"]
[White "marinocid"]
[Black "METALCHESS"]
[Result "1-0"]
[ICCResult "Black forfeits on time"]
[WhiteElo "1873"]
[BlackElo "1940"]
[Opening "Sicilian: dragon variation"]
[ECO "B70"]
[NIC "SI.15"]
[Time "21:04:30"]
[TimeControl "180+0"]

1. e4 c5 2. Nf3 d6 3. d4 cxd4 4. Nxd4 Nf6 5. Nc3 g6 6. g3 Bg7 7. Bg2 O-O 8.
O-O a6 9. a4 Qc7 10. h3 Nc6 11. Nde2 Rb8 12. Re1 b5 13. axb5 axb5 14. Nd5
Nxd5 15. exd5 Ne5 16. Ra2 Re8 17. b3 Bb7 18. Nd4 b4 19. Be3 Ra8 20. Rxa8
Rxa8 21. Qd2 Ra2 22. Qxb4 Nd7 23. c4 Nc5 24. Rd1 Bc8 25. Nc6 h5 26. Bxc5
dxc5 27. Qxc5 Kh7 28. Qxe7 Qb6 29. Qxf7 Qxb3 30. Re1 Qxc4 31. Re7 Qc3 32. d6
Ra1+ 33. Kh2 Re1 34. d7 Bxd7 35. Rxd7 Kh6 36. Nd8 Qf6 37. Qxf6 Bxf6 38. Nf7+
Kg7 39. Ne5+ Kh6 40. f4 Bxe5 41. fxe5 Rxe5 42. h4 Re6 43. Bd5 Rb6 44. Rb7
Rd6 45. Be4 Re6 46. Bd3 Rd6 47. Be4 Re6 48. Bf3 g5 49. hxg5+ Kxg5 50. Rg7+
Kh6 51. Rg8 Rf6 52. Rh8+ Kg5 53. Rxh5+ Kg6 54. Bg4 Rf2+ 55. Kh3 Rf1 56. Rb5
Rh1+ 57. Kg2 Re1 58. Kf2 Rd1 59. Bf5+ {Black forfeits on time} 1-0

[Event "ICCopen2017"]
[Site "Internet Chess Club"]
[Date "2017.03.19"]
[Round "10"]
[White "cheslikeyomama"]
[Black "sec7"]
[Result "0-1"]
[ICCResult "White checkmated"]
[WhiteElo "1340"]
[BlackElo "1299"]
[Opening "Queen's pawn game"]
[ECO "D00"]
[NIC "QP.08"]
[Time "21:04:09"]
[TimeControl "180+0"]

1. d4 d5 2. e3 c6 3. f4 Bf5 4. Nf3 f6 5. Bd3 Qd7 6. O-O e6 7. Qe2 Be7 8. c3
Nh6 9. Nbd2 O-O 10. e4 dxe4 11. Nxe4 Bg4 12. Nf2 Bxf3 13. Qxf3 Bd6 14. Qh5
Qf7 15. Qh3 Nd7 16. Bc2 Nb6 17. a4 Nd5 18. Ne4 Bxf4 19. Bxf4 Nxf4 20. Rxf4
Nf5 21. Bb3 Nh6 22. Ng5 Qe7 23. Nxe6 Kh8 24. Rff1 Rfe8 25. Nf4 Qe3+ 26. Qxe3
Rxe3 27. Rae1 Rxe1 28. Rxe1 g5 29. Re7 Rf8 30. Nh5 Nf5 31. Rxb7 Ne3 32. Ng3
f5 33. Nh5 f4 34. Ng7 Rd8 35. Ne6 Re8 36. Nxg5 Ng4 37. Rf7 Re1#
{White checkmated}
0-1

[Event "ICCopen2017"]
[Site "Internet Chess Club"]
[Date "2017.03.19"]
[Round "10"]
[White "vsqk"]
[Black "Eliezer"]
[Result "1/2-1/2"]
[ICCResult "White ran out of time and Black has no material to mate"]
[WhiteElo "1771"]
[BlackElo "1549"]
[Opening "QGD semi-Slav"]
[ECO "D43"]
[NIC "QP.08"]
[Time "21:04:16"]
[TimeControl "180+0"]

1. d4 d5 2. Nf3 c6 3. c4 e6 4. Nc3 Nf6 5. Bg5 Be7 6. e3 h6 7. Bh4 Nbd7 8.
Bd3 O-O 9. O-O Nh7 10. Bxh7+ Kxh7 11. Qd3+ Kg8 12. Bg3 Nf6 13. Rfe1 Bd6 14.
Ne5 Bxe5 15. dxe5 Nh7 16. cxd5 cxd5 17. e4 dxe4 18. Qxe4 Qb6 19. Rab1 Bd7
20. Qg4 Bc6 21. Ne4 Bxe4 22. Qxe4 Rad8 23. b3 Rd4 24. Qe3 Rfd8 25. h3 Qc6
26. Rec1 Qd7 27. Qf3 Rd3 28. Qe4 Rd4 29. Qe2 Rd2 30. Qe1 a6 31. Bf4 Rd4 32.
Be3 Rd5 33. f4 Rd3 34. Bb6 Re8 35. Rc7 Qb5 36. Qf2 Red8 37. a4 Rd1+ 38. Kh2
Qb4 39. Rxd1 Rxd1 40. Rc8+ Nf8 41. Bc5 Qxb3 42. Bxf8 Kh7 43. Qc2+ Qxc2 44.
Rxc2 Rd4 45. Rc7 Rxf4 46. Rxb7 Kg8 47. Bd6 Rxa4 48. Ra7 Ra2 49. Kg3 a5 50.
Kh4 a4 51. g4 Rg2 52. Ra5 Ra2 53. g5 Kh7 54. gxh6 Kxh6 55. Bc5 g5+ 56. Kg4
Rg2+ 57. Kf3 Ra2 58. Be3 Kg6 59. Ra7 a3 60. Bc5 f5 61. Rxa3 g4+ 62. hxg4
fxg4+ 63. Kxg4 Rxa3 64. Bxa3 Kh6 65. Bd6 Kg6 66. Kf4 Kf7 67. Kg5 Ke8 68. Kf6
Kd7 69. Kf7 Kc6 70. Kxe6 Kb5 71. Kf5 Kc4 72. Kf6 Kd4 73. Kf7 Ke4 74. Ke7 Kd5
75. Kd7 Ke4 76. Ke6 Kf3 77. Be7 Ke4 78. Bf6 Kd3
{White ran out of time and Black has no material to mate}
1/2-1/2

[Event "ICCopen2017"]
[Site "Internet Chess Club"]
[Date "2017.03.19"]
[Round "10"]
[White "AlirezaFirouzja"]
[Black "AbasovN"]
[Result "1-0"]
[ICCResult "Black checkmated"]
[WhiteElo "2709"]
[BlackElo "3144"]
[Opening "Sicilian: Nimzovich-Rossolimo attack (with ...g6, without ...d6)"]
[ECO "B31"]
[NIC "SI.31"]
[Time "21:03:57"]
[TimeControl "180+0"]

1. Nf3 c5 2. e4 Nc6 3. Bb5 g6 4. Bxc6 dxc6 5. d3 Bg7 6. h3 Nf6 7. Nc3 O-O 8.
Be3 b6 9. Qd2 Re8 10. Bh6 e5 11. Bxg7 Kxg7 12. O-O Nh5 13. a3 Qf6 14. Qe3
Be6 15. b4 c4 16. d4 exd4 17. Nxd4 Nf4 18. Kh2 Bd7 19. Rad1 Rad8 20. f3 Qg5
21. Qf2 h5 22. Nde2 h4 23. Nxf4 Qxf4+ 24. Kg1 Be6 25. Ne2 Qf6 26. Qe3 Rxd1
27. Rxd1 Rd8 28. Rxd8 Qxd8 29. Qd4+ Qxd4+ 30. Nxd4 Bd7 31. Kf2 c5 32. bxc5
bxc5 33. Ne2 Ba4 34. c3 g5 35. Ke3 f6 36. g3 hxg3 37. Nxg3 Bd7 38. f4 gxf4+
39. Kxf4 Bxh3 40. Nf5+ Kf7 41. Nd6+ Ke6 42. Nxc4 Bf1 43. Ne3 Bd3 44. Nf5 Bb1
45. Nh4 Bc2 46. Nf3 Bb1 47. Nd2 Bc2 48. Nc4 Bd3 49. Na5 Bc2 50. Nb7 c4 51.
Na5 Bd3 52. Nc6 Kd6 53. Nb4 Bb1 54. Nd5 Ke6 55. Nc7+ Kd7 56. Nb5 a6 57. Nd4
Kd6 58. Nf5+ Kc5 59. Ng3 Kb5 60. Nh5 Ka4 61. Nxf6 Kxa3 62. e5 Kb3 63. Kg5
Bg6 64. Kxg6 Kxc3 65. e6 Kb2 66. e7 c3 67. Nd5 c2 68. Nb4 a5 69. Nxc2 Kxc2
70. e8=Q Kb3 71. Qb5+ Ka3 72. Qxa5+ Kb3 73. Qc5 Ka4 74. Qe5 Kb3 75. Kf5 Kb4
76. Ke6 Kc4 77. Qd5+ Kc3 78. Ke5 Kc2 79. Ke4 Kb1 80. Qd4 Ka2 81. Qf2+ Kb1
82. Kd4 Ka1 83. Qe2 Kb1 84. Kc3 Kc1 85. Qc2# {Black checkmated} 1-0

[Event "ICCopen2017"]
[Site "Internet Chess Club"]
[Date "2017.03.19"]
[Round "10"]
[White "canary2016"]
[Black "UkeCat"]
[Result "0-1"]
[ICCResult "White forfeits on time"]
[WhiteElo "1048"]
[BlackElo "1099"]
[Opening "Philidor's defense"]
[ECO "C41"]
[NIC "KP.10"]
[Time "21:04:40"]
[TimeControl "180+0"]

1. e4 e5 2. Nf3 d6 3. Nc3 Nf6 4. Be2 Be7 5. d3 Bd7 6. O-O Nc6 7. Bg5 Nd4 8.
Bxf6 Nxe2+ 9. Qxe2 gxf6 10. Nd5 c6 11. Nxe7 Qxe7 12. Rac1 f5 13. exf5 Bxf5
14. h3 Rg8 15. Kh1 f6 16. Nh2 Bg6 17. Qf3 f5 18. Rce1 O-O-O 19. Qe3 f4 20.
Qxa7 Bf5 21. Qa8+ Kc7 22. Qa3 Qg7 23. Rg1 Qf6 24. Qb3 Rg7 25. a4 Be6 26. Qc3
Rg5 27. a5 Ra8 28. b4 Bd5 29. Qd2 Qg6 30. f3 Bxf3 31. Qf2 Bxg2+ 32. Rxg2
Rxg2 33. Qb6+ Kb8 {White forfeits on time} 0-1

[Event "ICCopen2017"]
[Site "Internet Chess Club"]
[Date "2017.03.19"]
[Round "10"]
[White "kathmales"]
[Black "shredded"]
[Result "0-1"]
[ICCResult "White forfeits on time"]
[WhiteElo "2281"]
[BlackElo "2739"]
[Opening "French: exchange variation"]
[ECO "C01"]
[NIC "FR.01"]
[Time "21:04:35"]
[TimeControl "180+0"]

1. e4 e6 2. d4 d5 3. exd5 exd5 4. c4 Nf6 5. Nc3 c6 6. Bd3 Be6 7. cxd5 Nxd5
8. Nf3 Be7 9. O-O O-O 10. Qe2 Nd7 11. Bd2 Re8 12. Rfe1 Bf8 13. h3 h6 14. Qe4
N7f6 15. Qh4 Nd7 16. Qg3 Kh8 17. Rad1 Qf6 18. Ne4 Qg6 19. Qh2 Qh7 20. Nc5
Bf5 21. Bxf5 Qxf5 22. Nh4 Qf6 23. Nxd7 Qxh4 24. Nxf8 Rxf8 25. Bc3 Rae8 26.
Qd6 Qd8 27. Qg3 Qg5 28. Qd6 Nf4 29. g3 Nd5 30. Kg2 Qd8 31. Qa3 a6 32. Bd2
Rxe1 33. Rxe1 Re8 34. Qd3 Rxe1 35. Bxe1 Qe7 36. Bd2 Qe6 37. Qb3 Qd7 38. Qf3
Kh7 39. Qe4+ Kg8 40. g4 Qe6 41. Qf3 Nf6 42. Be3 Qxa2 43. Bxh6 Qd5 44. Be3
Kf8 45. Kg3 Qxf3+ 46. Kxf3 Nd5 47. Bd2 Ke7 48. Ke4 Ke6 49. h4 g6 50. h5 f5+
51. gxf5+ gxf5+ 52. Kd3 Kf6 53. Kc4 b6 54. Bh6 f4 55. f3 Kf5 56. Bf8 Kg5 57.
h6 Kg6 58. Kd3 Kf7 59. Bg7 Kg6 60. Ke4 a5 61. Ke5 b5 62. Kd6 a4 63. Kxc6 b4
64. Bf8 a3 65. bxa3 b3 66. h7 Kxh7 67. Bh6 b2 68. Kxd5 b1=Q 69. Bxf4 Qd3 70.
Be5 Qxa3 71. f4 Qa4 72. Ke4 Qd7 73. f5 Qe8 74. d5 Kg8 75. d6 Kf7 76. Kd5 Qd7
77. f6 Ke8 78. Bd4 Qd8 79. Be5 Qd7 80. f7+ Kxf7 81. Bd4 Qe6+ 82. Kc6 Ke8 83.
Bc5 Qd7+ 84. Kd5 Qf5+ 85. Kc6 Kd8 86. d7 Qxd7+ {White forfeits on time} 0-1

[Event "ICCopen2017"]
[Site "Internet Chess Club"]
[Date "2017.03.19"]
[Round "10"]
[White "Kastor"]
[Black "Federicov"]
[Result "0-1"]
[ICCResult "White forfeits on time"]
[WhiteElo "2791"]
[BlackElo "3086"]
[Opening "King's pawn opening"]
[ECO "B07"]
[NIC "VO.17"]
[Time "21:04:35"]
[TimeControl "180+0"]

1. e4 d6 2. d4 g6 3. Nf3 a6 4. Bc4 Bg7 5. O-O b5 6. Bd5 c6 7. Bb3 e6 8. Qe2
Ne7 9. c3 c5 10. Rd1 cxd4 11. cxd4 O-O 12. a4 b4 13. Bf4 a5 14. Nbd2 Ba6 15.
Qe3 d5 16. Bh6 Nbc6 17. Bxg7 Kxg7 18. e5 Nf5 19. Qf4 Rc8 20. Rac1 h6 21. Bc2
g5 22. Qg4 Be2 23. Bxf5 exf5 24. Qxf5 Bxd1 25. Rxd1 Qe7 26. Nb3 Qe6 27. Qd3
Qg6 28. Qd2 Ne7 29. Nc5 Nf5 30. h3 Rc7 31. Re1 Rfc8 32. e6 Rxc5 33. dxc5
fxe6 34. g4 Nh4 35. Nd4 Qf6 36. Qe3 e5 37. Qxe5 Qxe5 38. Rxe5 Rxc5 39. Ne6+
Kf6 40. Nxc5 Kxe5 41. Nb3 d4 42. Nxa5 d3 43. Nb3 Nf3+ 44. Kf1 Kd5 45. a5 Kc6
46. a6 Kb6 47. h4 gxh4 48. Kg2 d2 49. Nxd2 Nxd2 50. f4 Nc4 51. b3 Nd6 52. g5
hxg5 53. fxg5 Nf5 54. Kh3 Kxa6 55. Kg4 Ng7 56. Kxh4 Kb6 57. g6 Kc5 58. Kg5
Kd4 59. Kf6 Nh5+ 60. Kg5 Ng7 61. Kh6 Nf5+ 62. Kg5 Ke5 63. g7 Nxg7 64. Kg6
Ne6 65. Kf7 Nd4 66. Ke7 Nxb3 67. Kd7 Nd4 68. Kc7 b3 69. Kd8 b2 70. Ke7 b1=Q
71. Kf8 Qc1 72. Kg7 Qd1 {White forfeits on time} 0-1

[Event "ICCopen2017"]
[Site "Internet Chess Club"]
[Date "2017.03.19"]
[Round "10"]
[White "Ernie1"]
[Black "knightspirit"]
[Result "1-0"]
[ICCResult "Black forfeits on time"]
[WhiteElo "1324"]
[BlackElo "1282"]
[Opening "Torre attack (Tartakower variation)"]
[ECO "D03"]
[NIC "QP.08"]
[Time "21:05:24"]
[TimeControl "180+0"]

1. d4 d5 2. Bg5 Nf6 3. Nf3 c6 4. e3 Bf5 5. Bxf6 exf6 6. Bd3 Bxd3 7. cxd3 Nd7
8. Nc3 Bd6 9. e4 Qc7 10. O-O O-O 11. Re1 Rfe8 12. Qc2 Re7 13. Rac1 dxe4 14.
dxe4 Rae8 15. Nd5 cxd5 16. Qxc7 Bxc7 17. Rxc7 dxe4 18. Nd2 Nb6 19. Rxe7 Rxe7
20. Rxe4 Rxe4 21. Nxe4 Nc4 22. b3 Na5 23. Kf1 Kf8 24. Ke2 Ke7 25. Kd3 f5 26.
Nc5 b6 27. Na4 Nc6 28. Nc3 a6 29. d5 Ne5+ 30. Kd4 Kd6 31. f4 Ng6 32. g3 f6
33. Na4 b5 34. Nc5 a5 35. Ne6 Ne7 36. Nxg7 Nxd5 37. Ne8+ Kc6 38. Ng7 h5 39.
Nxf5 Ne7 40. Nxe7+ Kd6 41. Ng6 Ke6 42. Nh4 Kd6 43. f5 Kc6 44. Ke4 Kd6 45. h3
a4 46. g4 axb3 47. axb3 b4 48. gxh5 Kc5 49. h6 Kd6 50. h7 Kc5 51. h8=Q Kb5
52. Qxf6 Kc5 53. Qd4+ Kb5 54. Ng6 Kc6 55. Qxb4 Kd7 56. Qc4 Ke8 57. b4 Kd8
58. b5 Kd7 59. Qf7+ {Black forfeits on time} 1-0

[Event "ICCopen2017"]
[Site "Internet Chess Club"]
[Date "2017.03.19"]
[Round "10"]
[White "penguingm1"]
[Black "COMBINATOR35"]
[Result "1-0"]
[ICCResult "Black forfeits on time"]
[WhiteElo "2891"]
[BlackElo "2468"]
[Opening "Benoni: 6.e4"]
[ECO "A65"]
[NIC "BI.38"]
[Time "21:06:02"]
[TimeControl "180+0"]

1. d4 Nf6 2. c4 c5 3. d5 e6 4. Nc3 exd5 5. cxd5 d6 6. e4 g6 7. Nge2 Bg7 8.
Ng3 h5 9. Bg5 a6 10. a4 Qc7 11. Be2 Nbd7 12. Qd2 h4 13. Nf1 h3 14. g3 Ne5
15. f3 c4 16. Be3 O-O 17. a5 Re8 18. Bb6 Qe7 19. Ne3 Nfd7 20. Bd4 Nd3+ 21.
Bxd3 Bxd4 22. Bxc4 Bc5 23. O-O Qg5 24. f4 Qf6 25. Rad1 b5 26. axb6 Nxb6 27.
Ba2 Bf5 28. Qd3 Rac8 29. Kh1 Bxe3 30. Qxe3 Rxc3 31. Qxc3 Qxc3 32. bxc3 Bxe4+
33. Kg1 Bf5 34. Rfe1 Rc8 35. c4 a5 36. Rc1 Na4 37. Re3 Nc5 38. Bb1 Rb8 39.
Bxf5 gxf5 40. Ra1 a4 41. Rc3 Rb2 42. Rca3 Rg2+ 43. Kh1 Ne4 44. R3a2 Nf2+ 45.
Rxf2 Rxf2 46. Kg1 Rg2+ 47. Kh1 Rc2 48. Kg1 Rxc4 49. Kf2 Rc2+ 50. Kf3 Rc3+
51. Kf2 a3 52. Ke2 Rc2+ 53. Kd3 Rxh2 54. Rxa3 Rg2 55. Ra1 Rxg3+ 56. Ke2 Kg7
57. Kf2 Rg4 58. Kf3 Rh4 59. Kg3 Rh8 60. Rh1 Kg6 61. Rxh3 Rc8 62. Kh4 Rc4 63.
Rg3+ Kf6 64. Rf3 Re4 65. Kg3 Re7 66. Rf1 Re4 67. Kf3 Rd4 68. Rh1 Rd3+ 69.
Ke2 Rxd5 70. Ke3 Ke7 71. Rh6 Rc5 72. Rh1 Rc3+ 73. Kd4 Rc5 74. Re1+ Kd8 75.
Ra1 Kc7 76. Kd3 Rc6 77. Ra7+ Kb6 78. Ra2 Rc5 79. Rb2+ Kc6 80. Re2 Rc3+ 81.
Kxc3 Kc5 82. Re5+ d5 83. Rxf5 Kc6 84. Kd3 d4 85. Rf6+ {Black forfeits on
time} 1-0

[Event "ICCopen2017"]
[Site "Internet Chess Club"]
[Date "2017.03.19"]
[Round "10"]
[White "arnav311004"]
[Black "progre69"]
[Result "0-1"]
[ICCResult "White checkmated"]
[WhiteElo "1700"]
[BlackElo "2154"]
[Opening "English: symmetrical, main line with d4"]
[ECO "A39"]
[NIC "EO.26"]
[Time "21:05:04"]
[TimeControl "180+0"]

1. Nf3 Nf6 2. g3 g6 3. Bg2 Bg7 4. O-O O-O 5. c4 c5 6. Nc3 Nc6 7. d4 cxd4 8.
Nxd4 Qa5 9. Nb3 Qb4 10. Nd5 Qxc4 11. Nc7 Rb8 12. Bf4 d6 13. Rc1 Qb4 14. Re1
Qb6 15. Be3 Qxc7 16. Bxa7 Ra8 17. Be3 Be6 18. Nd4 Bd7 19. a3 Ng4 20. Nxc6
bxc6 21. Bf4 Rfb8 22. b4 Rxa3 23. h3 Ne5 24. Qd2 Rb3 25. Rc2 R3xb4 26. Rec1
Rb1 27. Kh2 Rxc1 28. Qxc1 c5 29. Be3 Bc6 30. Bf1 Nd7 31. f4 Nf6 32. Bg1 Ne4
33. Bg2 h5 34. Qd1 h4 35. g4 g5 36. Be3 d5 37. Qf1 gxf4 38. Bxf4 Be5 39.
Bxe5 Qxe5+ 40. Kg1 Qd4+ 41. Kh2 Qe5+ 42. Kg1 Ra8 43. Rc1 Qd4+ 44. Kh2 Qe3
45. Qe1 Qg3+ 46. Qxg3 hxg3+ 47. Kg1 c4 48. Bxe4 dxe4 49. Rxc4 Bd5 50. Rd4 e6
51. Kg2 Ra3 52. Rb4 Re3 53. Rb2 Kg7 54. h4 Kf6 55. Kf1 Ke5 56. Rb8 Kf4 57.
Rf8 e5 58. g5 Ra3 59. g6 e3 60. Rxf7+ Bxf7 61. gxf7 Ra8 62. h5 Rf8 63. Kg2
Rxf7 64. h6 Rh7 65. Kh1 Rxh6+ 66. Kg1 Rh2 67. Kf1 Rf2+ 68. Kg1 Rxe2 69. Kh1
Kf3 70. Kg1 Re1# {White checkmated} 0-1

[Event "ICCopen2017"]
[Site "Internet Chess Club"]
[Date "2017.03.19"]
[Round "11"]
[White "sarge"]
[Black "Sc6"]
[Result "0-1"]
[ICCResult "White resigns"]
[WhiteElo "1721"]
[BlackElo "1629"]
[Opening "Sicilian: Tartakower variation"]
[ECO "B53"]
[NIC "SI.01"]
[Time "21:13:53"]
[TimeControl "180+0"]

1. e4 c5 2. Nf3 d6 3. d4 cxd4 4. c3 d3 5. Bxd3 Nc6 6. b3 Nf6 7. Bb2 g6 8. c4
Bg7 9. O-O O-O 10. Qe2 Bg4 11. h3 Bxf3 12. gxf3 Nh5 13. Bxg7 Kxg7 14. Bc2
Nf4 15. Qd2 e5 16. Kh2 Qh4 17. Nc3 Qxh3+ {White resigns} 0-1

[Event "ICCopen2017"]
[Site "Internet Chess Club"]
[Date "2017.03.19"]
[Round "11"]
[White "jbow79"]
[Black "glokoll"]
[Result "0-1"]
[ICCResult "White resigns"]
[WhiteElo "978"]
[BlackElo "1473"]
[Opening "Modern defense"]
[ECO "A40"]
[NIC "QO.17"]
[Time "21:14:19"]
[TimeControl "180+0"]

1. d4 g6 2. Nf3 Bg7 3. g3 c5 4. c3 cxd4 5. cxd4 d5 6. Bg2 Nc6 7. e3 Nf6 8.
O-O O-O 9. Nc3 a6 10. Bd2 b5 11. a3 Na5 12. Na2 Ne4 13. b4 Nc4 14. Nc3 f5
15. Nxe4 fxe4 16. Ne1 e5 17. dxe5 Bxe5 18. Rc1 Nxa3 19. Qb3 Nc4 20. Nc2 Nxd2
{White resigns}
0-1

[Event "ICCopen2017"]
[Site "Internet Chess Club"]
[Date "2017.03.19"]
[Round "11"]
[White "biljanic"]
[Black "beaupre"]
[Result "1-0"]
[ICCResult "Black checkmated"]
[WhiteElo "1977"]
[BlackElo "1752"]
[Opening "Trompowsky attack (Ruth, Opocenský opening)"]
[ECO "A45"]
[NIC "QP.07"]
[Time "21:15:03"]
[TimeControl "180+0"]

1. d4 Nf6 2. Bg5 g6 3. Bxf6 exf6 4. e3 Bg7 5. Bd3 O-O 6. Qf3 Nc6 7. c3 d5 8.
Ne2 Re8 9. Nd2 a6 10. Nf4 Be6 11. h4 Ne7 12. h5 Bf5 13. hxg6 fxg6 14. Bxf5
Nxf5 15. Qxd5+ Kh8 16. Nxg6# {Black checkmated} 1-0

[Event "ICCopen2017"]
[Site "Internet Chess Club"]
[Date "2017.03.19"]
[Round "11"]
[White "atoz"]
[Black "FirstaidPlease"]
[Result "1-0"]
[ICCResult "Black resigns"]
[WhiteElo "1433"]
[BlackElo "1048"]
[Opening "English opening"]
[ECO "A10"]
[NIC "EO.64"]
[Time "21:14:23"]
[TimeControl "180+0"]

1. c4 h6 2. g3 c6 3. Bg2 e6 4. Nc3 Bd6 5. Nf3 Nf6 6. O-O O-O 7. d3 b5 8.
cxb5 cxb5 9. Nd4 a6 10. Bxa8 Bb7 11. Bxb7 Nd5 12. Nxd5 Nc6 13. Nxc6 Qg5 14.
Bxg5 f5 15. Nce7+ Kh7 16. Ne3 f4 17. Bxf4 Bxf4 18. gxf4 Rxf4 19. Bxa6
{Black resigns}
1-0

[Event "ICCopen2017"]
[Site "Internet Chess Club"]
[Date "2017.03.19"]
[Round "11"]
[White "ladrife"]
[Black "bean5671"]
[Result "1/2-1/2"]
[ICCResult "Game drawn by mutual agreement"]
[WhiteElo "1469"]
[BlackElo "1322"]
[Opening "QGD Slav defense"]
[ECO "D10"]
[NIC "SL.01"]
[Time "21:14:13"]
[TimeControl "180+0"]

1. d4 c6 2. c4 d5 3. Nc3 Bf5 4. e3 e6 5. Nf3 Nf6 6. cxd5 cxd5 7. Bb5+ Nbd7
8. Qa4 a6 9. Bxd7+ Nxd7 10. Ne5 b5 11. Qd1 Bd6 12. Nxd7 Qxd7 13. O-O O-O 14.
a3 Rfe8 15. f4 Rac8 16. Bd2 f6 17. b4 e5 18. fxe5 fxe5 19. Qh5 Bg6 20. Qf3
e4 21. Qe2 Rf8 22. Rxf8+ Rxf8 23. Rf1 Rxf1+ 24. Qxf1 Qf7 25. Qxf7+ Kxf7 26.
g3 Ke6 27. Ne2 h5 28. Kf2 Bf7 29. Nf4+ Bxf4 30. gxf4 Kf5 31. Kg3 g5 32. fxg5
Kxg5 33. h4+ Kf5 34. Be1 Be6 {Game drawn by mutual agreement} 1/2-1/2

[Event "ICCopen2017"]
[Site "Internet Chess Club"]
[Date "2017.03.19"]
[Round "11"]
[White "UnderArmour"]
[Black "ALexiz"]
[Result "1-0"]
[ICCResult "Black resigns"]
[WhiteElo "1904"]
[BlackElo "1683"]
[Opening "Sicilian, Chekhover variation"]
[ECO "B53"]
[NIC "SI.02"]
[Time "21:14:27"]
[TimeControl "180+0"]

1. e4 c5 2. Nf3 d6 3. d4 cxd4 4. Qxd4 Nc6 5. Bb5 Bd7 6. Bxc6 Bxc6 7. Nc3 Nf6
8. Bg5 e6 9. O-O-O Be7 10. Qd3 O-O 11. Nd4 Bd7 12. f4 Qa5 13. f5 e5 14. Nb3
Qd8 15. h4 Bc6 16. Bxf6 Bxf6 17. Qxd6 Bxh4 18. Qxe5 Bf6 19. Qg3 Qb6 20. e5
Bd8 21. f6 g6 22. Qh4 h5 23. Qg5 Re8 24. Qh6 {Black resigns} 1-0

[Event "ICCopen2017"]
[Site "Internet Chess Club"]
[Date "2017.03.19"]
[Round "11"]
[White "Salvatore"]
[Black "TZ700A"]
[Result "0-1"]
[ICCResult "White checkmated"]
[WhiteElo "1434"]
[BlackElo "1323"]
[Opening "Hungarian defense"]
[ECO "C50"]
[NIC "IG.03"]
[Time "21:14:28"]
[TimeControl "180+0"]

1. e4 e5 2. Nf3 Nc6 3. Bc4 Be7 4. O-O Nf6 5. c3 O-O 6. d3 d5 7. exd5 Nxd5 8.
Re1 Bg4 9. Nbd2 Nf4 10. Qc2 Bc5 11. Nxe5 Nxe5 12. Rxe5 Bd6 13. Re1 Re8 14.
Ne4 Kh8 15. Nxd6 Rxe1# {White checkmated} 0-1

[Event "ICCopen2017"]
[Site "Internet Chess Club"]
[Date "2017.03.19"]
[Round "11"]
[White "BeerMeUpScotty"]
[Black "chesscomet"]
[Result "1-0"]
[ICCResult "Black resigns"]
[WhiteElo "1674"]
[BlackElo "1499"]
[Opening "Pirc: Ufimtsev-Pytel variation"]
[ECO "B07"]
[NIC "PU.08"]
[Time "21:14:12"]
[TimeControl "180+0"]

1. e4 d6 2. d4 Nf6 3. Nc3 c6 4. f4 Qa5 5. Bd3 e5 6. Nf3 Bg4 7. Be3 Bxf3 8.
Qxf3 exf4 9. Bxf4 Be7 10. O-O-O b5 11. e5 dxe5 12. dxe5 Nfd7 13. Kb1 Bb4 14.
Ne4 Nc5 15. Nd6+ Kf8 16. Bd2 f6 17. Bxb4 Qxb4 18. exf6 Nxd3 19. fxg7+ Kxg7
20. Qf7+ Kh6 21. Rxd3 Qg4 22. Rh3+ Kg5 23. Rg3 {Black resigns} 1-0

[Event "ICCopen2017"]
[Site "Internet Chess Club"]
[Date "2017.03.19"]
[Round "11"]
[White "Oracle"]
[Black "doug50"]
[Result "1-0"]
[ICCResult "Black checkmated"]
[WhiteElo "1375"]
[BlackElo "1226"]
[Opening "Caro-Kann: Hillbilly attack"]
[ECO "B10"]
[NIC "CK.01"]
[Time "21:14:13"]
[TimeControl "180+0"]

1. e4 c6 2. Bc4 d5 3. exd5 cxd5 4. Bb5+ Bd7 5. Bxd7+ Nxd7 6. d4 e6 7. Bf4
Ngf6 8. Ne2 Be7 9. O-O O-O 10. Nd2 a6 11. c3 Rc8 12. Ng3 b5 13. Nb3 b4 14.
Rc1 bxc3 15. Rxc3 Rxc3 16. bxc3 Nb6 17. Qd3 Nc4 18. Rc1 g6 19. Bg5 Nd7 20.
Bxe7 Qxe7 21. Ne2 Ndb6 22. Nf4 f5 23. g3 Re8 24. Qe2 g5 25. Nd3 g4 26. Nbc5
a5 27. Re1 Kf7 28. Ne5+ Kf6 29. Nc6 Qd7 30. Ne5 Qe7 31. Nc6 Qd7 32. Nxd7+
Nxd7 33. Ne5 Ndxe5 34. dxe5+ Kf7 35. Rb1 Re7 36. Rb8 Kg6 37. Qd1 Nxe5 38.
Qc1 Nf3+ 39. Kg2 e5 40. Rb6+ Kg7 41. Qh6+ Kg8 42. Rb8+ Kf7 43. Qxh7+ Ke6 44.
Rb6+ Kd7 45. Qxf5+ Ke8 46. Rb8# {Black checkmated} 1-0

[Event "ICCopen2017"]
[Site "Internet Chess Club"]
[Date "2017.03.19"]
[Round "11"]
[White "BotanicalKnight"]
[Black "Chamanx"]
[Result "1-0"]
[ICCResult "Black checkmated"]
[WhiteElo "1530"]
[BlackElo "1320"]
[Opening "Bishop's opening: Classical variation"]
[ECO "C23"]
[NIC "IG.04"]
[Time "21:15:05"]
[TimeControl "180+0"]

1. e4 e5 2. Bc4 Bc5 3. d3 Nf6 4. Nc3 O-O 5. f4 d5 6. Nxd5 Ng4 7. f5 Nf2 8.
Qh5 Nxh1 9. Bg5 f6 10. Nxf6+ Kh8 11. Qxh7# {Black checkmated} 1-0

[Event "ICCopen2017"]
[Site "Internet Chess Club"]
[Date "2017.03.19"]
[Round "11"]
[White "Wilsonpalencia"]
[Black "MATEPROOF"]
[Result "1-0"]
[ICCResult "Black resigns"]
[WhiteElo "2581"]
[BlackElo "1933"]
[Opening "Sicilian: accelerated fianchetto, Breyer variation"]
[ECO "B39"]
[NIC "SI.43"]
[Time "21:14:27"]
[TimeControl "180+0"]

1. e4 c5 2. Nf3 g6 3. d4 cxd4 4. Nxd4 Bg7 5. c4 Nc6 6. Be3 Nf6 7. Nc3 Ng4 8.
Qxg4 Nxd4 9. Qd1 Ne6 10. Bd3 Bxc3+ 11. bxc3 Qc7 12. O-O b6 13. f4 O-O 14. f5
Nc5 15. Bc2 Bb7 16. Bh6 Bxe4 17. Qd4 e5 18. fxe6 {Black resigns} 1-0

[Event "ICCopen2017"]
[Site "Internet Chess Club"]
[Date "2017.03.19"]
[Round "11"]
[White "Lzmann"]
[Black "fernandomata"]
[Result "0-1"]
[ICCResult "White resigns"]
[WhiteElo "1654"]
[BlackElo "1817"]
[Opening "Blackmar-Diemer: Euwe defense"]
[ECO "D00"]
[NIC "QP.08"]
[Time "21:14:32"]
[TimeControl "180+0"]

1. d4 d5 2. e4 dxe4 3. Nc3 Nf6 4. f3 exf3 5. Nxf3 e6 6. Bd3 c5 7. Be3 cxd4
8. Nxd4 Nc6 9. Nf3 Be7 10. O-O O-O 11. Qe2 Nd5 12. Ne4 Nxe3 13. Qxe3 e5 14.
Kh1 f5 15. Bc4+ Kh8 16. Nc3 e4 17. Ne1 Qd4 18. Qf4 Bd6 19. Rd1 Bxf4 20. Rxd4
Nxd4 21. Rxf4 Be6 22. Bxe6 Nxe6 23. h3 Nxf4 {White resigns} 0-1

[Event "ICCopen2017"]
[Site "Internet Chess Club"]
[Date "2017.03.19"]
[Round "11"]
[White "DEHO"]
[Black "blackjack721"]
[Result "1-0"]
[ICCResult "Black checkmated"]
[WhiteElo "2083"]
[BlackElo "1382"]
[Opening "QGD: Grau (Sahovic) defense"]
[ECO "D06"]
[NIC "QP.08"]
[Time "21:14:12"]
[TimeControl "180+0"]

1. d4 d5 2. c4 Bf5 3. cxd5 Qxd5 4. Nc3 Qb5 5. Nxb5 Na6 6. Bf4 O-O-O 7. e3 e6
8. Nf3 Bb4+ 9. Nc3 c5 10. Rc1 cxd4 11. Nxd4 Nf6 12. Bxa6 bxa6 13. O-O Nd5
14. Nxd5+ Kd7 15. Rc7+ Ke8 16. Qa4+ Kf8 17. Qxb4+ Kg8 18. Ne7+ Kf8 19. Ng6+
Kg8 20. Qf8+ Rxf8 21. Ne7# {Black checkmated} 1-0

[Event "ICCopen2017"]
[Site "Internet Chess Club"]
[Date "2017.03.19"]
[Round "11"]
[White "zitvex"]
[Black "BlueJ"]
[Result "0-1"]
[ICCResult "White resigns"]
[WhiteElo "1851"]
[BlackElo "2023"]
[Opening "Sicilian: Taimanov (Bastrikov) variation"]
[ECO "B47"]
[NIC "SI.40"]
[Time "21:15:12"]
[TimeControl "180+0"]

1. e4 c5 2. Nf3 e6 3. d4 cxd4 4. Nxd4 Nc6 5. Nc3 Qc7 6. Qd3 a6 7. Nxc6 Qxc6
8. Be3 b5 9. O-O-O Bb7 10. f3 Rc8 11. Bd4 b4 12. Ne2 Nf6 13. g4 Bc5 14. Kb1
O-O 15. h4 Ne8 16. Ng3 Bxd4 {White resigns} 0-1